 Dungeon Crawl Stone Soup version 0.24.0-37-gcf1ca852f1 (webtiles) character file.

Game seed: 14521869998348891657, levelgen mode: deterministic

94 Descartes the Ducker (level 4, 0/21 HPs)
             Began as a Felid Monk on Dec 5, 2019.
             Slain by an ooze (2 damage)
             ... on level 2 of the Dungeon.
             The game lasted 00:04:16 (2237 turns).

Descartes the Ducker (Felid Monk)                   Turns: 2237, Time: 00:04:16

Health: 0/21       AC:  1    Str:  8    XL:     4   Next: 38%
Magic:  6/6        EV: 20    Int: 12    God:
Gold:   74         SH:  0    Dex: 18    Spells: 3/3 levels left
                                        Lives:  0   Deaths: 1

rFire    . . .     SeeInvis +     - Unarmed
rCold    . . .     Gourm    .   (shield unavailable)
rNeg     . . .     Faith    .   (armour unavailable)
rPois    .         Spirit   .   (helmet unavailable)
rElec    .         Reflect  .   (cloak unavailable)
rCorr    .         Harm     .   (gloves unavailable)
MR       .....                  (boots unavailable)
Stlth    +++.......             (no amulet)
HPRegen  0.07/turn              (no ring)
MPRegen  0.10/turn              (no ring)

@: lethally poisoned (0 -> -3), quick
A: very small, no armour, no weapons or thrown items, stealth, claws 1, fangs 3,
see invisible, carnivore, speed 1, shaggy fur 1, slow metabolism 1, sharp paws
a: no special abilities


You were on level 2 of the Dungeon.
You were full.

You visited 1 branch of the dungeon, and saw 2 of its levels.

You collected 74 gold pieces.

Inventory:

Missiles
 g - 52 stones
Jewellery
 k - a cursed amulet of inaccuracy {unknown}
 p - an uncursed ring of positive energy {unknown}
Wands
 m - a wand of iceblast (8)
 o - a wand of polymorph (8)
Scrolls
 b - a scroll of random uselessness {unknown}
 c - a scroll of amnesia {unknown}
 j - a scroll of magic mapping
 l - a scroll of fear {unknown}
Potions
 d - a potion of brilliance {unknown}
 e - a potion of cancellation {unknown}
 f - 2 potions of haste
 h - a potion of flight {unknown}
 i - 3 potions of might
Comestibles
 a - 4 rations


   Skills:
 + Level 3.4 Fighting
 + Level 4.8 Dodging
 + Level 4.1 Stealth
 + Level 4.3 Unarmed Combat
 * Level 1.9 Evocations


You had 3 spell levels left.
You didn't know any spells.
Your spell library was empty.

Dungeon Overview and Level Annotations

Branches:
Dungeon (2/15)

Altars:


Innate Abilities, Weirdness & Mutations

You cannot wear armour.
You are incapable of wielding weapons or throwing items.
Your paws allow you to move quietly. (Stealth)
You have sharp claws.
You have razor-sharp teeth.
You have supernaturally acute eyesight. (SInv)
You are carnivorous and can eat meat at any time.
You cover ground quickly.
You are covered in fur. (AC +1)
You have a slow metabolism.
Your sharp claws are effective at attacking unaware monsters.


Message History

* * * LOW HITPOINT WARNING * * *
You closely miss the adder.
The adder is severely wounded.
The adder misses you.
You closely miss the adder.
The adder is severely wounded.
The adder bites you.
* * * LOW HITPOINT WARNING * * *
You are lethally poisoned!
The adder poisons you!
You claw the adder!
You kill the adder!
You scratch the ooze.
The ooze is heavily wounded.
* * * LOW HITPOINT WARNING * * *
You feel sick. The ooze barely misses you.
You scratch the ooze but do no damage.
The ooze is heavily wounded.
The ooze hits you.
You die...

#......# #......#
#......###########
##############......##........#
#..............).).J.)........#
#.....##########)###.#........#
#......# #)###...###.####
#......# #J##....###.#
###....## ##@##.....##.#
###...## #..##......#.######
##...## ##.###....#...#.....
#....####..# #...>##........
##.#....#.## #....###.......
#<#.##.).# #....# #....... ####
#...####.# #....###....... ...#
##..#....# ####..##....... ...#
##.#....## ##..##.g.....


You could see an ooze.

Vanquished Creatures
  A bullfrog (D:2)
  3 adders (D:2)
  3 oozes (D:2)
  3 dart slugs (D:1)
  2 leopard geckos
  4 giant cockroaches (D:1)
  6 goblins
  9 hobgoblins
  5 bats
  A frilled lizard (D:1)
  11 kobolds
  2 rats (D:1)
50 creatures vanquished.

Vanquished Creatures (others)
  7 fungi (D:2)
  6 toadstools (D:2)
13 creatures vanquished.

Grand Total: 63 creatures vanquished

Notes
Turn   | Place    | Note
-------+----------+-------------------------------------------
     0 | D:1      | Descartes the Felid Monk began the quest for the Orb.
     0 | D:1      | Reached XP level 1. HP: 10/10 MP: 2/2
   110 | D:1      | Reached XP level 2. HP: 14/14 MP: 3/3
   428 | D:1      | Reached XP level 3. HP: 16/17 MP: 4/4
  1122 | D:2      | Noticed a bullfrog
  1138 | D:2      | Killed a bullfrog
  1138 | D:2      | Reached skill level 1 in Evocations
  1138 | D:2      | Reached XP level 4. HP: 1/21 MP: 5/5
  1829 | D:2      | Reached XP level 5. HP: 24/24 MP: 7/7
  1850 | D:2      | Splashed by a jelly's acid
  1851 | D:2      | Reached XP level 4. HP: -7/21 MP: 6/6
  2237 | D:2      | Slain by an ooze

Levels and vault maps discovered:
D:1:      evilmike_arrival_plus, layout_basic, serial_corexii_hall,
          corexii_hall_statues_i, corexii_hall_statues_x,
          chequers_serial_rivers_micro_c
D:2:      cheibrodos_fertilizer, layout_rooms, first_ration

Skill      XL: |  1  2  3 |
---------------+----------+-----
Stealth        | 3 4 |  4.1
Unarmed Combat | 4 |  4.3
Evocations     | 1 |  1.9
Fighting       | |  3.4
Dodging        | |  4.8

Action                   |  1- 3 |  4- 6 || total
-------------------------+-------+-------++-------
Melee: Unarmed           |    69 |    73 ||   142
       Bite              |     7 |     6 ||    13
       Punch             |     1 |     1 ||     2
  Use: Scroll            |       |     3 ||     3
 Stab: Sleeping          |     8 |     4 ||    12
  Eat: Chunk             |     8 |     3 ||    11
Armor: Skin              |     3 |     1 ||     4
Dodge: Dodged            |    56 |    50 ||   106
